 Dungeon Crawl Stone Soup version 0.30-a0-652-gcc886f7154 (console) character file.

Game seed: 8744437504114418695

6514 jejorda2 the Impaler (level 11, -3/121 HPs)
             Began as a Merfolk Berserker on Jan 17, 2023.
             Was an Elder of Trog.
             Slain by Amaemon
             ... wielding a -2 demon whip of venom
              (7 damage)
             ... on level 8 of the Dungeon.
             The game lasted 00:16:07 (7028 turns).

jejorda2 the Impaler (Merfolk Berserker)            Turns: 7028, Time: 00:16:07

Health: -3/121     AC: 15    Str: 21    XL:     11   Next: 0%
Magic:  11/11      EV: 15    Int:  7    God:    Trog [****..]
Gold:   477        SH:  0    Dex: 14    Spells: 10/10 levels left

rFire   . . .      SeeInvis .    a - +0 glaive
rCold   . . .      Faith    +    (shield currently unavailable)
rNeg    . . .      Spirit   .    C - +0 chain mail
rPois   .          Reflect  .    (no helmet)
rElec   .          Harm     .    K - +0 cloak
rCorr   .          Rampage  .    g - +0 pair of gloves
Will    .....                    c - +2 pair of boots Stlth
                                 t - amulet of faith
HPRegen 0.40/turn                F - +5 ring of evasion
MPRegen 0.12/turn                (no ring)

@: berserking (expiring), lethally poisoned (-3 -> -13), very quick
A: (nimble swimmer 2), mertail
a: Renounce Religion, Berserk, Trog's Hand, Brothers in Arms


You were on level 8 of the Dungeon.
You worshipped Trog.
Trog was greatly pleased with you.
You visited 1 branch of the dungeon, and saw 8 of its levels.
You also visited: Sewer.

You collected 477 gold pieces.

Inventory:

Hand Weapons
 a - a +0 glaive (weapon)
 b - a +0 trident
Missiles
 k - 39 stones (quivered)
 p - a throwing net
 A - 2 silver boomerangs
 D - 6 poisoned darts
Armour
 c - a +2 pair of boots (worn)
 g - a +0 pair of gloves (worn)
 C - a +0 chain mail (worn)
 K - a +0 cloak (worn)
Jewellery
 s - a ring of fire
 t - an amulet of faith (around neck)
 z - a ring of positive energy
 F - a +5 ring of evasion (left hand)
Wands
 x - a wand of paralysis (10)
 y - a wand of flame (40)
 J - a wand of digging (3)
 L - a wand of roots (4)
Scrolls
 f - a scroll of brand weapon {unknown}
 h - 3 scrolls of enchant armour
 i - a scroll of silence
 l - a scroll of immolation
 m - 2 scrolls of magic mapping
 o - 2 scrolls of blinking {unknown}
 r - 2 scrolls of teleportation {unknown}
 w - a scroll of enchant weapon {unknown}
 G - a scroll of vulnerability {unknown}
 H - a scroll of poison {unknown}
 I - 3 scrolls of fog
Potions
 d - 5 potions of curing
 e - a potion of mutation {unknown}
 j - a potion of cancellation {unknown}
 n - 3 potions of ambrosia {unknown}
 q - 2 potions of lignification {unknown}
 u - 6 potions of flight
 v - 4 potions of attraction
 B - 4 potions of heal wounds
 E - a potion of magic {unknown}
 M - a potion of invisibility {unknown}


   Skills:
 - Level 6.0 Fighting
 * Level 15.8 Polearms
 + Level 5.4 Armour
 - Level 6.0 Dodging
 - Level 6.0 Evocations


You had 10 spell levels left.
You didn't know any spells.
Your spell library was empty.

Dungeon Overview and Level Annotations

Branches:
Dungeon (8/15)             Temple (0/1) D:4           Sewer (visited)
   Lair: D:8-11

Altars:
Ashenzari
Dithmenos
Sif Muna

Annotations:
D:8 Amaemon


Innate Abilities, Weirdness & Mutations

((You are very nimble when in or above water. (Stealth+, EV+, Speed+++)))
Your lower body shifts to a powerful aquatic tail in water.


Message History

You barely miss Amaemon.
Amaemon is moderately wounded.
You feel very sick. The scorpion misses you.
Amaemon hits you with a -2 demon whip of venom.
* * * LOW HITPOINT WARNING * * *
Amaemon claws you.
* * * LOW HITPOINT WARNING * * *
Amaemon tail-slaps you but does no damage.
You hit Amaemon.
Amaemon is moderately wounded.
You feel sick.
You hit Amaemon.
Amaemon is moderately wounded.
You feel sick. The scorpion barely misses you.
Amaemon hits you but does no damage.
You are lethally poisoned!
Amaemon closely misses you.
Amaemon tail-slaps you but does no damage.
You carve Amaemon like a ham!!!
Amaemon is almost dead.
* * * LOW HITPOINT WARNING * * *
You feel very sick. The scorpion misses you.
You closely miss Amaemon.
Amaemon is almost dead.
* * * LOW HITPOINT WARNING * * *
You feel sick. Amaemon hits you but does no damage.
Amaemon claws you but does no damage. Amaemon closely misses you.
The scorpion stings you but does no damage.
You miss Amaemon.
Amaemon is almost dead.
* * * LOW HITPOINT WARNING * * *
You feel very sick.
You closely miss Amaemon.
Amaemon is almost dead.
* * * LOW HITPOINT WARNING * * *
You feel sick.
Amaemon hits you with a -2 demon whip of venom!
You die...

#....'......#
##...#......#
#....#......#
###....#......#
..##...#......+
.......#......#
.......+......#
.......#......######+##
..##'###....?...@)....#
[.#.............s6......
..#.....................
..#.....................
###.........#+########..
............+ .
............#
...##'##....#
...#..>#....#


You could see Amaemon and a scorpion (summoned, curare).

Vanquished Creatures
  2 two-headed ogres
  Pikel (D:7)
  Joseph (D:8)
  An orange demon (D:8)
  An unseen horror (D:6)
  Prince Ribbit (D:7)
  Grinder (D:3)
  A wyvern (D:8)
  4 steam dragons
  Edmund (D:5)
  Duvessa (D:7)
  A water moccasin (D:7)
  An ice beast (D:6)
  A sky beast (D:7)
  2 orc warriors
  2 black bears (D:6)
  An ogre (D:4)
  A phantom (D:5)
  A centaur (D:7)
  A lemure (D:7)
  2 kobold brigands (Sewer)
  Blork the orc (D:4)
  A necrophage (D:7)
  4 bullfrogs (D:6)
  3 scorpions
  A gnoll sergeant (D:6)
  8 wights
  Dowan (D:7)
  2 hounds
  A jelly (D:6)
  2 orc priests
  A gnoll bouda (D:6)
  4 iguanas
  Ijyb (D:4)
  3 orc wizards
  10 adders
  A river rat (Sewer)
  A shadow imp (D:6)
  2 white imps
  An ufetubus (D:6)
  7 worms
  2 dart slugs (D:1)
  19 orcs
  8 bats
  10 endoplasms
  5 giant cockroaches
  9 goblins
  5 hobgoblins
  4 jackals
  8 kobolds
  4 quokkas
  9 ball pythons
  9 rats
175 creatures vanquished.

Notes
Turn   | Place    | Note
-------+----------+-------------------------------------------
     0 | D:1      | jejorda2 the Merfolk Berserker began the quest for the Orb.
     0 | D:1      | Reached XP level 1. HP: 18/18 MP: 1/1
    94 | D:1      | Reached XP level 2. HP: 18/24 MP: 2/2
   349 | D:1      | Reached XP level 3. HP: 29/29 MP: 3/3
   470 | D:1      | Found a faded altar of an unknown god.
   684 | D:1      | Reached ** piety under Trog
   891 | D:2      | Reached skill level 5 in Polearms
  1182 | D:2      | Reached XP level 4. HP: 8/37 MP: 4/4
  1963 | D:3      | Reached skill level 6 in Polearms
  1963 | D:3      | Reached XP level 5. HP: 42/42 MP: 5/5
  2219 | D:3      | Noticed Grinder
  2231 | D:3      | Killed Grinder
  2232 | D:3      | Reached skill level 7 in Polearms
  2232 | D:3      | Reached skill level 5 in Dodging
  2232 | D:3      | Reached XP level 6. HP: 50/50 MP: 6/6
  2655 | D:3      | Found a shimmering blue altar of Sif Muna.
  2664 | D:3      | Reached skill level 5 in Fighting
  2782 | D:4      | Reached XP level 7. HP: 56/56 MP: 7/7
  2918 | D:4      | Found a staircase to the Ecumenical Temple.
  3132 | D:4      | Noticed Ijyb
  3152 | D:4      | Killed Ijyb
  3238 | D:4      | Noticed Blork the orc
  3244 | D:4      | Killed Blork the orc
  3245 | D:4      | Reached skill level 8 in Polearms
  3767 | D:5      | Entered Level 5 of the Dungeon
  3769 | D:5      | Noticed Edmund
  3778 | D:5      | Killed Edmund
  3881 | D:5      | Reached *** piety under Trog
  3903 | D:5      | Found a glowing drain.
  3909 | Sewer    | Entered a sewer
  3993 | Sewer    | Reached skill level 9 in Polearms
  4012 | Sewer    | Reached XP level 8. HP: 45/64 MP: 8/8
  4123 | Sewer    | Found a glowing silver altar of Zin.
  4539 | D:5      | Noticed a two-headed ogre
  4548 | D:5      | Killed a two-headed ogre
  4549 | D:5      | Reached skill level 12 in Polearms
  4687 | D:5      | Reached skill level 1 in Evocations
  4687 | D:5      | Reached XP level 9. HP: 69/69 MP: 9/9
  4942 | D:6      | Found a broken altar of Ashenzari.
  5396 | D:6      | Reached skill level 13 in Polearms
  5664 | D:6      | Killed an unseen horror
  5664 | D:6      | Reached **** piety under Trog
  5859 | D:6      | Noticed a two-headed ogre
  5875 | D:6      | Killed a two-headed ogre
  5876 | D:6      | Reached skill level 5 in Evocations
  5876 | D:6      | Reached XP level 10. HP: 76/76 MP: 10/10
  6058 | D:7      | Reached skill level 14 in Polearms
  6317 | D:7      | Noticed Pikel
  6318 | D:7      | Noticed Prince Ribbit
  6336 | D:7      | Killed Prince Ribbit
  6345 | D:7      | Killed Pikel
  6385 | D:7      | Noticed Duvessa
  6385 | D:7      | Noticed Dowan
  6394 | D:7      | Killed Duvessa
  6395 | D:7      | Killed Dowan
  6443 | D:7      | Found a shadowy altar of Dithmenos.
  6657 | D:8      | Noticed an orange demon
  6658 | D:8      | Reached skill level 15 in Polearms
  6666 | D:8      | Reached skill level 5 in Armour
  6670 | D:8      | Killed an orange demon
  6673 | D:8      | Noticed Amaemon
  6755 | D:8      | Identified the +10 dagger of Dividends {freeze, Will+}
  7000 | D:8      | Noticed Joseph
  7012 | D:8      | Paralysed by Amaemon for 2 turns
  7018 | D:8      | Killed Joseph
  7019 | D:8      | Reached XP level 11. HP: 46/81 MP: 11/11
  7027 | D:8      | HP: 6/121 [poisoned by Amaemon]
  7028 | D:8      | Slain by Amaemon

Illustrated notes

Levels and vault maps discovered:
D:1:      lightli_molten_gateway, layout_basic, basic_ecumenical_altar,
          serial_bayou_pond_d
D:2:      layout_basic, hangedman_abyss_or_decor_lesser_grid
D:3:      layout_loops_ring, kennysheep_orc_sif_temple, uniq_grinder
D:4:      layout_loops_corners, minmay_temple_entry_statues_pillars,
          due_unseen_surprise, uniq_blork_the_orc, uniq_ijyb
D:5:      layout_basic, gup_sewer_entry_bubbles, patterned_corridor, uniq_edmund
D:6:      cheibrodos_barr_body, layout_basic, mainiacjoe_overflow_alcove_1
D:7:      layout_rooms, mainiacjoe_overflow_small_starburst, serial_curves,
          eino_curves_04, eino_curves_01, minmay_fountain_box, uniq_pikel,
          uniq_duvessa, uniq_prince_ribbit1
D:8:      layout_gridville, jmf_multi_god_temple, uniq_joseph, uniq_maurice,
          uniq_amaemon

Skill      XL: |  1  2  3  4  5  6  7  8  9 10 |
---------------+-------------------------------+-----
Dodging        | 3 4 5 6 |  6.0
Polearms       | 5 6 7 9 12 13 15 | 15.8
Fighting       | 4 5 6 |  6.0
Evocations     | 1 5 6 |  6.0
Armour         | 4 5 |  5.4

Action                   |  1- 3 |  4- 6 |  7- 9 | 10-12 || total
-------------------------+-------+-------+-------+-------++-------
Melee: Spear             |   162 |   152 |    45 |       ||   359
       Punch             |     2 |     1 |     1 |       ||     4
       Trident           |       |       |   254 |     9 ||   263
       Tailslap          |       |       |     3 |       ||     3
       Glaive            |       |       |       |   138 ||   138
Throw: Stone             |       |     5 |     1 |     7 ||    13
       Dart              |       |       |     1 |       ||     1
Invok: Berserk           |     1 |     5 |    10 |     4 ||    20
       Trog's Hand       |       |     2 |       |       ||     2
Evoke: Wand              |       |       |     1 |       ||     1
  Use: Scroll            |       |       |     8 |     1 ||     9
 Stab: Sleeping          |     4 |     1 |       |       ||     5
Armor: Animal skin       |    23 |     3 |       |       ||    26
       Leather armour    |       |    10 |       |       ||    10
       Scale mail        |       |     8 |    29 |       ||    37
       Chain mail        |       |       |    56 |    55 ||   111
Dodge: Dodged            |   102 |    54 |   117 |    83 ||   356

Table legend: (Time is in decaauts)
 A = Elapsed time spent in this place.
 B = Non-inter-level travel time spent in this place.
 C = Inter-level travel time spent in this place.
 D = Time resting spent in this place.
 E = Time spent auto-exploring this place.
 F = Levels seen in this place.
 G = Mean time per level.
                   A        B        C        D        E       F      G
               +--------+--------+--------+--------+--------+-----+--------+
         Total |   6980 |   6509 |    471 |   1009 |   4159 |   9 |  775.6 |
       Dungeon |   6714 |   6243 |    471 |   1009 |   3991 |   8 |  839.2 |
         Sewer |    266 |    266 |      0 |      0 |    168 |   1 |  266.0 |
               +--------+--------+--------+--------+--------+-----+--------+

Top non-repeatable levels by time:
     D:6: 1169 daAuts
     D:4: 1016 daAuts
     D:2: 927 daAuts
     D:1: 919 daAuts
     D:3: 897 daAuts
     D:7: 748 daAuts
     D:5: 732 daAuts
     D:8: 302 daAuts
   Sewer: 266 daAuts
